Map: Pride of Altaris LE

Players

Lake

  • Race: Terran Terran
  • League: Diamond

JAYJAY - Winner!

  • Race: Zerg Zerg
  • League: Diamond

VOD

Have the link to the VOD?

Description

Time

  • Played on: March 31, 2022, 5:40 p.m.
  • Length: 10:27
Show
View Real Time Build Order
Export as new Build Order

Lake Terran 

Build Orders: Reaper Expand, Hellion Banshee 

Get SALT Encoding   

  12  0:00  SCV  
  13  0:13  SCV  
  14  0:17  Supply Depot  
  14  0:25  SCV  
  15  0:39  SCV  
  15  0:40  Barracks  
  16  0:45  Refinery  
  16  0:51  SCV  
  17  1:03  SCV  
  18  1:15  SCV  
  19  1:27  Orbital Command  
  19  1:28  Reaper  
  20  1:43  Command Center  
  20  1:51  Supply Depot  
  20  1:54  SCV  
  20  2:00  Marine  
  22  2:11  SCV  
  23  2:20  Factory  
  23  2:28  Barracks Reactor  
  23  2:29  SCV  
  24  2:41  SCV  
  25  2:48  Refinery  
  25  2:53  SCV  
  25  2:56  Orbital Command  
  26  3:05  SCV  
  26  3:17  SCV  
  26  3:18  Starport  
  31  3:20  Hellion x2  
  31  3:23  SCV  
  31  3:24  Barracks Tech Lab  
  32  3:29  SCV  
  33  3:35  SCV  
  33  3:37  Supply Depot  
  38  3:41  Hellion x2, SCV  
  38  3:47  SCV  
  40  3:53  SCV  
  41  3:59  SCV  
  41  4:00  Barracks Tech Lab  
  41  4:01  Supply Depot  
  42  4:04  Hellion x2  
  42  4:05  SCV  
  42  4:07  Cloaking Field, Banshee  
  50  4:11  SCV  
  51  4:17  SCV  
  51  4:21  Stimpack, Marine  
  51  4:23  Supply Depot, SCV  
  54  4:30  SCV  
  55  4:35  SCV  
  56  4:39  Marine  
  56  4:41  Barracks x2, Factory Reactor  
  56  4:42  SCV  
  56  4:43  Refinery  
  56  4:44  Refinery  
  58  4:47  SCV  
  59  4:54  SCV  
  59  4:56  Command Center  
  59  4:59  Banshee  
  63  5:00  SCV  
  63  5:06  SCV  
  65  5:14  SCV  
  64  5:17  Refinery  
  64  5:18  Refinery, SCV  
  64  5:19  Engineering Bay  
  64  5:20  Engineering Bay  
  65  5:22  Marine  
  65  5:26  SCV  
  67  5:30  SCV  
  67  5:31  Marine x2  
  70  5:40  Supply Depot  
  70  5:45  Marine x3, SCV x2  
  70  5:49  Marine x2  
  77  5:52  Terran Infantry Weapons Level 1  
  77  5:53  Terran Infantry Armor Level 1  
  77  5:54  Starport Reactor  
  77  5:57  SCV  
  77  6:01  SCV  
  77  6:03  Marine x2, Siege Tank  
  84  6:09  SCV  
  84  6:10  Combat Shield  
  85  6:13  SCV  
  85  6:15  Marine x2  
  88  6:22  Marine, SCV  
  88  6:23  Marine x2  
  92  6:25  SCV  
  93  6:33  Supply Depot, SCV  
  93  6:34  Supply Depot, SCV  
  93  6:35  Armory  
  93  6:37  SCV  
  96  6:45  Marine x4, SCV  
  101  6:52  Barracks  
  101  6:53  Barracks  
  101  6:54  Marine  
  101  6:55  SCV x2, Siege Tank, Medivac  
  101  6:57  Orbital Command  
  109  7:03  Marine x3  
  109  7:10  SCV x2  
  109  7:11  Marine  
  109  7:12  Marine, Medivac  
  115  7:21  Marine  
  115  7:22  SCV x2  
  114  7:25  Supply Depot  
  114  7:27  Supply Depot  
  114  7:28  SCV  
  114  7:29  Marine  
  117  7:30  Supply Depot  
  117  7:46  Marine x3, SCV x2, Siege Tank  
  117  7:47  Barracks Reactor  
  117  7:48  Concussive Shells  
  117  7:49  Marine, SCV  
  117  7:50  Terran Infantry Armor Level 2, Terran Infantry Weapons Level 2  
  127  7:56  Barracks Reactor  
  127  7:57  Medivac  
  129  7:58  SCV x2  
  129  8:01  Refinery, SCV  
  129  8:02  Refinery, Supply Depot  
  129  8:04  Marine x2  
  129  8:05  Marine  
  135  8:09  Command Center, Marine  
  135  8:10  Marine, SCV x2  
  139  8:13  SCV  
  140  8:22  Siege Tank  
  140  8:23  SCV x2  
  140  8:25  SCV  
  114  8:29  Marine  
  114  8:30  Marine x6  
  114  8:31  Medivac x2  
  114  8:33  Marine x2  
  124  8:35  SCV x2  
  124  8:37  SCV  
  123  8:47  Marine x2, SCV x2  
  123  8:48  Marine x5  
  124  8:49  SCV  
  124  8:51  Marine x2  
  123  8:58  Barracks x2  
  123  8:59  Barracks, Supply Depot, SCV  
  123  9:01  Supply Depot  
  123  9:05  Marine x3  
  123  9:06  Marine x4, SCV x2  
  123  9:08  Marine  
  123  9:09  Marine  
  121  9:23  Marine x7  
  82  9:26  Marine x2  
  80  9:32  Medivac x2, Siege Tank  
  80  9:33  SCV x2  
  89  9:41  Marine x7  
  89  9:44  Marine x2  
  98  9:47  Barracks Tech Lab x3  
  98  9:48  SCV x2  
  100  9:58  Marine  
  101  10:00  SCV x2  
  101  10:05  Marine x5  
  111  10:12  SCV x2  
Show
View Real Time Build Order
Export as new Build Order

JAYJAY Zerg - Winner!

Build Orders: Hatch First 

Get SALT Encoding   

  12  0:00  Drone  
  13  0:12  Overlord  
  13  0:16  Drone  
  14  0:31  Drone x2  
  16  0:49  Hatchery  
  15  0:52  Drone  
  15  0:56  Drone  
  17  0:59  Drone  
  18  1:10  Extractor  
  17  1:15  Spawning Pool  
  17  1:18  Drone  
  17  1:22  Drone  
  18  1:28  Drone  
  19  1:38  Drone  
  20  1:49  Overlord  
  20  2:00  Drone  
  21  2:03  Drone  
  21  2:06  Queen x2  
  26  2:11  Zergling x2  
  26  2:13  Zergling x2  
  28  2:15  Metabolic Boost  
  28  2:22  Zergling x2  
  29  2:23  Drone  
  30  2:33  Drone x2  
  30  2:34  Spore Crawler  
  32  2:45  Drone x2  
  34  2:55  Drone x2  
  36  3:01  Extractor  
  35  3:08  Hatchery  
  35  3:09  Overlord x2  
  35  3:22  Drone  
  35  3:26  Queen  
  38  3:28  Drone x4  
  38  3:29  Drone x3  
  38  3:31  Queen  
  47  3:39  Drone  
  47  3:40  Drone  
  49  3:50  Drone  
  50  3:57  Drone  
  50  4:00  Overlord  
  50  4:01  Overlord  
  51  4:11  Lair  
  51  4:12  Drone  
  52  4:18  Spore Crawler  
  52  4:21  Spore Crawler, Drone x5  
  52  4:22  Queen  
  57  4:26  Drone x2  
  57  4:27  Drone x2  
  57  4:29  Drone  
  62  4:33  Drone  
  62  4:37  Spore Crawler  
  62  4:38  Drone  
  62  4:40  Queen, Evolution Chamber  
  62  4:42  Evolution Chamber  
  63  4:47  Drone x2  
  63  4:51  Drone x2  
  67  4:53  Hatchery  
  67  4:56  Baneling Nest, Overlord  
  65  5:03  Queen  
  67  5:13  Drone x2  
  67  5:14  Drone  
  70  5:15  Drone x4  
  70  5:16  Drone x2  
  70  5:18  Extractor  
  70  5:19  Extractor  
  74  5:23  Zerg Melee Weapons Level 1  
  74  5:25  Zergling x8  
  78  5:29  Overseer  
  78  5:32  Drone, Extractor  
  78  5:33  Drone  
  79  5:38  Drone x2  
  81  5:43  Drone  
  81  5:46  Overlord x3  
  82  5:56  Centrifugal Hooks  
  82  6:00  Overlord x3, Extractor  
  82  6:01  Queen, Extractor  
  82  6:04  Zergling x4  
  82  6:05  Zergling x10  
  89  6:14  Drone x3  
  89  6:18  Zergling x10  
  93  6:25  Zergling x4  
  99  6:28  Zerg Ground Armor Level 1, Drone x3  
  99  6:29  Drone x3  
  105  6:46  Drone x2, Hatchery  
  107  6:47  Zergling x12  
  107  6:48  Hydralisk Den  
  110  7:11  Zergling x2  
  110  7:12  Zergling x28  
  110  7:13  Overseer  
  110  7:14  Overseer  
  125  7:18  Drone  
  126  7:24  Drone, Overlord  
  126  7:25  Overlord x4  
  127  7:43  Overlord x2  
  127  7:44  Overlord  
  127  7:48  Zerg Melee Weapons Level 2  
  127  7:49  Extractor x2  
  127  7:50  Baneling x4  
  127  7:51  Baneling x21  
  125  7:52  Zergling x18  
  125  7:57  Zergling x10  
  125  7:58  Zergling x4  
  141  8:02  Zergling x2  
  141  8:03  Zergling x2  
  142  8:08  Overseer x2  
  142  8:11  Pneumatized Carapace  
  142  8:16  Zergling x6  
  142  8:17  Zergling x4  
  142  8:18  Baneling x9  
  142  8:19  Baneling x3  
  143  8:25  Zergling x16  
  143  8:26  Zergling x4  
  136  8:55  Zergling x10  
  140  8:56  Zergling x8  
  140  9:02  Zergling x4  
  147  9:03  Zergling x4  
  149  9:15  Zergling x16  
  149  9:16  Zergling x8  
  132  9:25  Zergling x2  
  132  9:26  Zergling x2  
  132  9:31  Baneling x4  
  133  9:33  Zergling x2  
  133  9:34  Zergling x8  
  138  9:43  Zergling x8  
  138  9:44  Zergling x6  
  145  9:48  Zergling x4  
  145  9:49  Zergling x4, Infestation Pit  
  148  9:59  Baneling x7  
  148  10:00  Baneling x3  
  148  10:02  Zergling x8  
  148  10:03  Zergling x12  
  158  10:10  Baneling  
  158  10:11  Baneling x5  
Tags
 
Add a new tag
Caveats
  • Supply blocks, unpowered buildings, or Contaminate may cause inaccurate times.
  • Supply counts are checked every 10 seconds.